AoeStats
← oe409454

African Clearing

504797565Analyzed
4v4 RM · 27d ago on Sep 6, 2026· 61m 26s· 8 players
Game mode
Random Map
Map size
Large (8 player)
Population
200
Speed
Normal
Resources
Standard
Victory
Conquest
Starting age
Dark Age
Ending age
Imperial Age
RankedLock teamsTeams togetherTeam positionsShared explorationLock speedFull tech treeHidden civsTurbo modeCheats
Victory
Defeat
🇨🇳 Bohemians · China
958
+16
🇨🇳 Mongols · China
958
+16
🇨🇳 Huns · China
945
+16
🇧🇪 Berbers · Belgium
890
+18
🇩🇪 Franks · Germany
981
-18
🇫🇷 Goths · France
970
-17
🇳🇱 Aztecs · Netherlands
942
-16
🇪🇸 Koreans · Spain
901
-15
Macremy
15:00 Loom
17:09 Feudal Age
18:04 Double-Bit Axe
18:06 Horse Collar
18:45 Fletching
19:11 Padded Archer Armor
25:00 Castle Age
25:10 Crossbowman
26:09 Leather Archer Armor
27:54 Bow Saw
27:46 Heavy Plow
27:27 Elite Skirmisher
28:04 Bodkin Arrow
32:55 Squires
34:42 Eagle Warrior
35:26 Scale Mail Armor
36:46 Wheelbarrow
36:23 Arson
36:55 Chain Mail Armor
37:18 Gold Mining
38:21 Forging
39:45 Iron Casting
40:33 Hand Cart
44:30 Imperial Age
44:52 Atlatl
47:18 Garland Wars
47:40 Plate Mail Armor
48:11 Blast Furnace
48:53 Bracer
48:25 Elite Eagle Warrior
50:35 Conscription
51:38 Siege Engineers
52:03 Pikeman
54:21 Crop Rotation
54:35 Ballistics
55:19 Chemistry
Macholdi
5:47 Loom
14:03 Feudal Age
31:59 Wheelbarrow
41:56 Castle Age
39:51 Double-Bit Axe
41:37 Gold Mining
41:45 Stone Mining
50:49 Bow Saw
51:51 Hand Cart
54:04 Husbandry
54:43 Light Cavalry
61:56 Imperial Age
59:51 Scale Barding Armor
pratukupra
4:21 Loom
14:57 Feudal Age
16:31 Double-Bit Axe
18:12 Wheelbarrow
22:05 Castle Age
20:06 Fletching
22:32 Stone Mining
22:26 Crossbowman
23:54 Hand Cart
23:40 Bodkin Arrow
27:39 Murder Holes
28:05 Ballistics
30:26 Gold Mining
30:42 Town Watch
32:20 Masonry
37:03 Imperial Age
36:29 Horse Collar
37:37 Bow Saw
38:44 Chemistry
37:53 Bracer
39:43 Conscription
39:37 Arrowslits
41:19 Treadmill Crane
41:45 Elite Skirmisher
46:11 Architecture
52:58 Heavy Plow
53:41 Thumb Ring
58:23 Two-Man Saw
59:27 Siege Engineers
orod
13:45 Loom
15:48 Feudal Age
18:21 Double-Bit Axe
21:06 Castle Age
19:53 Gold Mining
19:54 Stone Mining
20:31 Man-at-Arms
21:10 Long Swordsman
21:54 Scale Mail Armor
24:24 Wheelbarrow
23:57 Squires
26:22 Horse Collar
26:56 Forging
31:57 Hand Cart
31:59 Bow Saw
31:51 Heavy Plow
39:58 Town Watch
42:33 Fletching
42:51 Elite Skirmisher
47:42 Imperial Age
45:45 Anarchy
45:51 Padded Archer Armor
48:53 Conscription
53:29 Chain Mail Armor
53:10 Bodkin Arrow
59:04 Ballistics
Zomberx
7:25 Loom
13:57 Feudal Age
15:47 Double-Bit Axe
19:54 Castle Age
18:27 Stone Mining
20:25 Fletching
21:41 Bow Saw
21:36 Gold Mining
23:33 Gold Shaft Mining
26:09 Padded Archer Armor
26:10 Bodkin Arrow
26:52 Ballistics
26:56 Husbandry
29:12 Bloodlines
29:13 Thumb Ring
31:45 Padded Archer Armor
31:37 Horse Collar
38:41 Imperial Age
38:53 Heavy Plow
39:31 Elite Camel Archer
41:26 Bracer
41:43 Leather Archer Armor
41:19 Town Watch
41:56 Kasbah
42:16 Conscription
42:57 Stone Shaft Mining
43:04 Wheelbarrow
45:13 Crop Rotation
45:53 Chemistry
48:33 Maghrebi Camels
52:55 Hand Cart
54:03 Siege Engineers
58:05 Ring Archer Armor
57:41 Scale Barding Armor
oe409454
13:41 Feudal Age
12:50 Loom
22:36 Castle Age
20:50 Fishing Lines
23:33 Stone Mining
23:34 Double-Bit Axe
31:12 Gold Mining
33:23 Fletching
33:34 Padded Archer Armor
33:51 Horse Collar
36:00 Wheelbarrow
37:41 Gold Shaft Mining
38:13 Bow Saw
38:07 Heavy Plow
40:03 Hand Cart
39:43 Gillnets
40:44 Stone Shaft Mining
44:44 Imperial Age
42:57 Bodkin Arrow
45:24 Leather Archer Armor
45:32 Ballistics
45:46 Town Watch
46:12 Elite Mangudai
47:15 Conscription
47:56 Bloodlines
47:46 Husbandry
48:00 Thumb Ring
48:39 Scale Barding Armor
48:44 Forging
48:24 Light Cavalry
49:18 Bracer
50:58 Chain Barding Armor
51:14 Iron Casting
52:15 Chemistry
51:11 Murder Holes
51:14 Hussar
55:53 Parthian Tactics
60:57 Blast Furnace
终似少年游
16:37 Loom
18:26 Feudal Age
20:11 Man-at-Arms
33:15 Horse Collar
33:39 Double-Bit Axe
43:08 Wheelbarrow
49:03 Castle Age
52:05 Bloodlines
51:56 Husbandry
51:17 Light Cavalry
54:08 Scale Barding Armor
54:05 Scale Mail Armor
57:18 Chain Barding Armor
57:16 Chain Mail Armor
57:17 Forging
58:05 Hand Cart
58:20 Bow Saw
58:30 Heavy Plow
58:31 Stone Mining
58:40 Gold Mining
61:26 Imperial Age
60:46 Iron Casting
阿西吧
3:45 Loom
16:34 Feudal Age
21:20 Castle Age
19:27 Double-Bit Axe
19:30 Horse Collar
21:58 Padded Archer Armor
24:09 Bow Saw
26:41 Chemistry
33:05 Imperial Age
31:50 Redemption
32:13 Ballistics
32:49 Leather Archer Armor
34:16 Squires
35:33 Ring Archer Armor
35:48 Treadmill Crane
37:23 Fletching
38:41 Wheelbarrow
37:52 Town Watch
38:12 Scale Mail Armor
37:38 Pikeman
39:36 Wagenburg Tactics
40:24 Hand Cart
42:40 Chain Mail Armor
42:57 Hussite Reforms
44:17 Two-Man Saw
43:27 Murder Holes
45:35 Conscription
44:47 Houfnice
45:00 Elite Genitour
47:48 Coinage
48:14 Bombard Tower
48:05 Heavy Plow
49:45 Banking
49:48 Plate Mail Armor
49:14 Bodkin Arrow
49:30 Forging
50:39 Halberdier
51:05 Arson
54:01 Capped Ram
57:11 Bracer
57:22 Forging
57:58 Sanctity
57:39 Atonement
57:49 Fervor
57:55 Block Printing
58:05 Illumination
57:41 Devotion
57:45 Guard Tower
58:01 Siege Engineers
58:06 Masonry
59:49 Keep
61:41 Iron Casting
61:08 Bracer
60:33 Elite Hussite Wagon
Connection lost

Rejoining the realm…

Still unreachable

The connection could not be restored.

Session expired

The server has moved on; the page needs a fresh start.